 Dungeon Crawl Stone Soup version 0.29.1-4-g47bece8355 (webtiles) character file.

Game seed: 17624718678904680177

3698 cccccccc the Cleaver (level 9, -5/124 HPs)
             Began as a Minotaur Berserker on Dec 3, 2022.
             Was an Elder of Trog.
             Slain by a gnoll
             ... wielding a +0 halberd
             ... led by a gnoll sergeant
              (6 damage)
             ... on level 8 of the Dungeon on Dec 4, 2022.
             The game lasted 00:19:38 (9392 turns).

cccccccc the Cleaver (Minotaur Berserker)           Turns: 9392, Time: 00:19:38

Health: -5/124     AC: 17    Str: 33    XL:     9   Next: 91%
Magic:  8/8        EV: 10    Int:  4    God:    Trog [****..]
Gold:   51         SH:  0    Dex:  9    Spells: 8/8 levels left

rFire   . . .      SeeInvis .   w - +0 battleaxe (drain)
rCold   . . .      Faith    .   (shield currently unavailable)
rNeg    . . .      Spirit   .   t - +0 plate armour
rPois   .          Reflect  .   (helmet restricted)
rElec   .          Harm     .   (no cloak)
rCorr   .          Rampage  .   l - +1 pair of gloves
Will    .....                   e - +0 pair of boots
Stlth   ..........              (no amulet)
HPRegen 0.30/turn               f - +6 ring of strength
MPRegen 0.11/turn               (no ring)

@: berserking, very quick
A: horns 2, retaliatory headbutt
a: Renounce Religion, Berserk, Trog's Hand, Brothers in Arms


You were on level 8 of the Dungeon.
You worshipped Trog.
Trog was greatly pleased with you.
You visited 2 branches of the dungeon, and saw 9 of its levels.

You collected 378 gold pieces.
You spent 327 gold pieces at shops.

Inventory:

Hand Weapons
 p - a +1 dagger of venom
 r - a +2 dagger of draining
 w - a +0 battleaxe of draining (weapon)
Missiles
 b - 18 poisoned darts (quivered)
Armour
 e - a +0 pair of boots (worn)
 l - a +1 pair of gloves (worn)
 t - a +0 plate armour (worn)
Jewellery
 f - a +6 ring of strength (left hand)
Wands
 a - a wand of acid (13)
 h - a wand of flame (25)
Scrolls
 d - a scroll of teleportation
 g - a scroll of fear
 n - 3 scrolls of silence
 q - a scroll of blinking
Potions
 c - 3 potions of curing
 i - a potion of attraction {unknown}
 j - a potion of ambrosia
 k - a potion of invisibility {unknown}
 m - a potion of experience {unknown}
 o - a potion of resistance
 s - 4 potions of mutation
 u - a potion of degeneration {unknown}
 v - 2 potions of haste


   Skills:
 + Level 9.3 Fighting
 + Level 9.3 Axes
 + Level 8.9 Armour
 + Level 8.1 Dodging


You had 8 spell levels left.
You didn't know any spells.
Your spell library was empty.

Dungeon Overview and Level Annotations

Branches:
Dungeon (8/15)             Temple (1/1) D:5
   Lair: D:8-11

Altars:
Ashenzari
Cheibriados
Dithmenos
Elyvilon
Fedhas
Hepliaklqana
Kikubaaqudgha
Nemelex Xobeh
Okawaru
Qazlal
Ru
Sif Muna
Trog
Uskayaw
Vehumet
Wu Jian
Xom
Yredelemnul
Zin
The Shining One

Shops:
D:2 :   D:3 *   D:7 ?

Annotations:
D:8 Grum


Innate Abilities, Weirdness & Mutations

You have a pair of horns on your head.
You reflexively headbutt those who attack you in melee.


Message History

The gnoll sergeant hits you but does no damage.
The wolf bites you but does no damage.
You slice the wolf!!
You kill the wolf!
Trog accepts your kill.
The gnoll sergeant hits you but does no damage.
The gnoll barely misses you.
Unknown command.
Okay, then.
The gnoll hits you with a +0 halberd.
* * * LOW HITPOINT WARNING * * *
Grum barely misses you.
You barely miss the gnoll. You headbutt the gnoll!
You kill the gnoll!
Trog accepts your kill.
You closely miss the gnoll. You slash the gnoll sergeant!
You drain the gnoll sergeant.
Unknown command.
You hit the gnoll sergeant but do no damage.
The gnoll sergeant is heavily wounded.
You barely miss the bullfrog. You closely miss the gnoll.
The bullfrog hits you but does no damage.
The gnoll hits you but does no damage.
The gnoll hits you from afar with a +0 spear.
* * * LOW HITPOINT WARNING * * *
Grum hits you from afar with a -2 spear of pain!
* * * LOW HITPOINT WARNING * * *
You are too berserk!
Unknown command.
You are too berserk!
You are too berserk!
You are too berserk!
You are too berserk!
The gnoll sergeant blocks your attack.
You headbutt the gnoll sergeant!
You kill the gnoll sergeant!
Trog accepts your kill.
You slash the bullfrog! You closely miss the gnoll. The bullfrog hits you.
* * * LOW HITPOINT WARNING * * *
The gnoll hits you with a +0 halberd.
You die...

...#...##.......
.......#....#.###
...............#
.............###
........#.#..####
................#
.#....##...†..###
........#.#...###.
..........@)......
.......##Fg......
........gg.....#
.......).......#
..........#..###
#.......#....#
......#. #...#
.....#. ##.#
....... ..


You could see Grum, a bullfrog and 2 gnolls.

Vanquished Creatures
  2 kobold demonologists (D:6)
  3 yaks
  2 water moccasins
  2 ice beasts
  A black bear (D:6)
  2 sky beasts
  An orc warrior (D:6)
  2 wolves (D:8)
  3 centaurs
  A phantom (D:4)
  A kobold brigand (D:6)
  2 gnoll sergeants
  A scorpion (D:5)
  9 wights (D:7)
  4 orc priests
  A gnoll bouda (D:5)
  2 hounds
  4 iguanas
  Natasha (thrice) (D:4)
  7 orc wizards
  Robin (D:2)
  6 adders
  11 gnolls
  A white imp (D:7)
  2 worms
  2 dart slugs (D:3)
  31 orcs
  5 bats
  5 endoplasms
  4 giant cockroaches
  15 goblins
  15 hobgoblins
  3 jackals (D:1)
  13 kobolds
  A quokka (D:2)
  6 ball pythons
  2 frilled lizards
  5 rats
181 creatures vanquished.

Vanquished Creatures (others)
  A plant (D:4)
1 creature vanquished.

Grand Total: 182 creatures vanquished

Notes
Turn   | Place    | Note
-------+----------+-------------------------------------------
     0 | D:1      | cccccccc the Minotaur Berserker began the quest for the
                  | Orb.
     0 | D:1      | Reached XP level 1. HP: 19/19 MP: 0/0
   233 | D:1      | Reached XP level 2. HP: 25/27 MP: 1/1
   857 | D:1      | Found a faded altar of an unknown god.
  1251 | D:2      | Found a hide-covered altar of Uskayaw.
  1296 | D:2      | Reached XP level 3. HP: 33/33 MP: 2/2
  1512 | D:2      | Noticed Robin
  1515 | D:2      | Reached ** piety under Trog
  1527 | D:2      | Killed Robin
  1841 | D:2      | Found Zadou's Vocational Training.
  1862 | D:3      | Reached XP level 4. HP: 40/40 MP: 3/3
  2096 | D:3      | Found Oluvol's Assorted Antiques.
  2239 | D:3      | Found a blossoming altar of Fedhas.
  2329 | D:3      | Found an ancient bone altar of Kikubaaqudgha.
  3021 | D:4      | Noticed a phantom
  3029 | D:4      | Killed a phantom
  3030 | D:4      | Reached XP level 5. HP: 44/47 MP: 4/4
  3045 | D:4      | Found a sacrificial altar of Ru.
  3090 | D:4      | Reached skill level 5 in Fighting
  3090 | D:4      | Reached skill level 5 in Axes
  3090 | D:4      | Reached *** piety under Trog
  3096 | D:4      | Reached XP level 6. HP: 38/56 MP: 5/5
  3212 | D:4      | Found a glowing silver altar of Zin.
  3574 | D:3      | Bought a green potion for 18 gold pieces
  3574 | D:3      | Bought a steel ring for 100 gold pieces
  3574 | D:3      | Bought a red potion for 18 gold pieces
  3574 | D:3      | Bought a sapphire potion for 18 gold pieces
  3574 | D:3      | Bought a scroll labelled GASCHAT CAPPYG for 20 gold pieces
  3574 | D:3      | Bought a scroll labelled NOFIFI PYCH for 20 gold pieces
  3868 | D:4      | Noticed Natasha
  3873 | D:4      | Killed Natasha
  3921 | D:4      | Noticed Natasha
  3927 | D:4      | Killed Natasha
  3953 | D:4      | Noticed Natasha
  3961 | D:4      | Killed Natasha
  4283 | D:4      | Found a glowing golden altar of the Shining One.
  4363 | D:5      | Entered Level 5 of the Dungeon
  4514 | D:5      | Noticed a water moccasin
  4523 | D:5      | Killed a water moccasin
  4524 | D:5      | Reached skill level 5 in Armour
  4524 | D:5      | Reached XP level 7. HP: 43/62 MP: 6/6
  4922 | D:5      | Found a staircase to the Ecumenical Temple.
  5057 | D:5      | Found a sparkling altar of Nemelex Xobeh.
  5117 | Temple   | Entered the Ecumenical Temple
  5816 | D:6      | Found a radiant altar of Vehumet.
  5828 | D:6      | Noticed a yak
  5828 | D:6      | Noticed a yak
  5841 | D:6      | Noticed a yak
  5918 | D:6      | Reached skill level 5 in Dodging
  5923 | D:6      | Reached **** piety under Trog
  6688 | D:5      | Killed a yak
  6697 | D:5      | Killed a yak
  6698 | D:5      | Reached XP level 8. HP: 52/71 MP: 7/7
  6824 | D:6      | Noticed a kobold demonologist
  6828 | D:6      | Noticed a kobold demonologist
  6834 | D:6      | Killed a kobold demonologist
  6835 | D:6      | Noticed a rust devil
  6959 | D:6      | Killed a kobold demonologist
  6962 | D:6      | Reached XP level 9. HP: 81/81 MP: 8/8
  7004 | D:6      | Found a snail-covered altar of Cheibriados.
  7155 | D:6      | Noticed a kobold demonologist
  7421 | D:6      | Found an ornate altar of the Wu Jian Council.
  8758 | D:7      | Found Tubaunwo's Magic Scroll Emporium.
  8767 | D:7      | Bought a scroll of brand weapon for 133 gold pieces
  8842 | D:7      | Reached ***** piety under Trog
  9373 | D:8      | Noticed Grum
  9391 | D:8      | HP: 4/124 [Grum/-2 spear of pain (9)]
  9392 | D:8      | HP: 1/124 [bullfrog (4)]
  9392 | D:8      | Slain by a gnoll

Illustrated notes

Levels and vault maps discovered:
D:1:      amcnicky_arrival_double_pillar, layout_basic,
          shapermc_ecumenical_altar_hornbeckon
D:2:      layout_rooms, basic_altar, nicolae_shop_vocational, uniq_robin
D:3:      layout_basic, mainiacjoe_overflow_brackets,
          nicolae_overflow_crystal_walls, serial_shops, nicolae_diamond_shop,
          eino_tiny_chamber
D:4:      layout_gridville, tso_oasis_becter,
          mainiacjoe_overflow_surrounded_room, mainiacjoe_overflow_boulevard,
          uniq_natasha
D:5:      layout_basic, nemelex_spade_bored_becter,
          minmay_temple_entry_junction_2
D:6:      layout_loops_ring, lemuel_tele_altar, mainiacjoe_overflow_paths,
          kennysheep_little_box, cheibrodos_sewer_entry_bend,
          hangedman_abyss_or_decor_lesser_grid, lightli_corner_chamber
D:7:      layout_layer_cave, serial_shops, nicolae_lakefront_shop
D:8:      layout_layer_cave, makhleb_altar_promises_db,
          nicolae_gozag_seed_capital, gammafunk_ghost_split, uniq_pikel,
          uniq_grum
Temple:   nicolae_temple_ecumenical_triangle

Skill      XL: |  1  2  3  4  5  6  7  8  9 |
---------------+----------------------------+-----
Axes           | 4 5 6 8 9 |  9.3
Fighting       | 4 5 6 7 9 |  9.3
Armour         | 3 4 5 6 7 8 |  8.9
Dodging        | 3 4 5 6 8 |  8.1

Action                   |  1- 3 |  4- 6 |  7- 9 || total
-------------------------+-------+-------+-------++-------
Melee: Hand axe          |    27 |       |       ||    27
       Headbutt          |    12 |    23 |    43 ||    78
       War axe           |    53 |   108 |   219 ||   380
       Punch             |     1 |     2 |     2 ||     5
       Battleaxe         |       |       |    40 ||    40
Invok: Berserk           |     1 |       |     2 ||     3
  Use: Scroll            |       |    15 |     4 ||    19
       Potion            |       |       |     3 ||     3
Armor: Animal skin       |     5 |       |       ||     5
       Leather armour    |     8 |     3 |       ||    11
       Ring mail         |       |    33 |    10 ||    43
       Plate armour      |       |       |   156 ||   156
Dodge: Dodged            |    53 |    70 |   122 ||   245
